 Dungeon Crawl Stone Soup version 0.23.1 (webtiles) character file.

Game seed: 20072959630024202

167 PikkenKukken the Skirmisher (level 5, -2/47 HPs)
             Began as a Hill Orc Abyssal Knight on Mar 9, 2019.
             Was a Believer of Lugonu.
             Slain by Menkaure (4 damage)
             ... on level 4 of the Dungeon.
             The game lasted 00:07:23 (4079 turns).

PikkenKukken the Skirmisher (HOAK)                  Turns: 4079, Time: 00:07:24

Health: -2/47      AC:  9    Str: 16    XL:     5   Next: 48%
Magic:  7/7        EV: 10    Int: 12    God:    Lugonu [**....]
Gold:   164        SH:  0    Dex: 10    Spells: 4/4 levels left

rFire    . . .     SeeInvis .   n - +0 hand axe
rCold    . . .     Gourm    .   (no shield)
rNeg     . . .     Faith    .   l - +0 scale mail
rPois    .         Spirit   .   k - +0 helmet
rElec    .         Reflect  .   h - +0 cloak
rCorr    .         Harm     .   (no gloves)
MR       .....                  (no boots)
Stlth    ..........             (no amulet)
HPRegen  0.15/turn              (no ring)
MPRegen  0.10/turn              (no ring)

@: no status effects
A: no striking features
a: Depart the Abyss, Bend Space, Renounce Religion


You were on level 4 of the Dungeon.
You worshipped Lugonu.
Lugonu was pleased with you.
You were very hungry.

You visited 1 branch of the dungeon, and saw 4 of its levels.
You visited the Abyss 1 time.

You collected 164 gold pieces.

Inventory:

Hand Weapons
 a - a +1 spear
 n - a +0 hand axe (weapon)
Missiles
 m - a throwing net (quivered)
Armour
 h - a +0 cloak (worn)
 k - a +0 helmet (worn)
 l - a +0 scale mail (worn)
Wands
 d - a wand of clouds (5)
 j - a wand of digging (4)
Scrolls
 b - a scroll of identify
Potions
 e - a potion of resistance
 f - a potion of cancellation
 g - a potion of curing
Comestibles
 c - 5 rations


   Skills:
 + Level 4.5 Fighting
 * Level 1.3(2.7) Axes
 - Level 3.0(3.1) Polearms
 + Level 3.2 Armour
 + Level 1.9 Dodging
 + Level 3.9 Invocations


You had 4 spell levels left.
You didn't know any spells.
Your spell library was empty.

Dungeon Overview and Level Annotations

Branches:
Dungeon (4/15)
 Temple: D:4-7

Altars:
Ru

Annotations:
D:4 Menkaure


Message History

Menkaure is moderately damaged.
Menkaure hits you! Menkaure hits you.
You closely miss Menkaure.
Menkaure is moderately damaged.
Menkaure hits you but does no damage.
You hit Menkaure.
Menkaure is moderately damaged.
Menkaure hits you!
You hit Menkaure.
Menkaure is heavily damaged.
Menkaure hits you but does no damage. Menkaure hits you!!
* * * LOW HITPOINT WARNING * * *
You hit Menkaure.
Menkaure is severely damaged.
Menkaure points at you and mumbles some strange words.
You barely resist.
Your scale mail prevents you from hitting Menkaure.
Menkaure is severely damaged.
Menkaure hits you.
You die...

#.#####.###
#....##.M.#
####.##.#.#
#.####.# #.#
#.# #.#
#.###### #.#
#......# #.#
######.#####
#.####
#.M@.<#
#....####
#######
##......#
#.#.##.#
#.#....#
#.######
#.########
#........#
##########.#


You could see Menkaure.

Vanquished Creatures
  A worker ant (D:4)
  Robin (D:2)
  4 adders (D:2)
  4 worms
  A dart slug (D:3)
  4 leopard geckos
  4 orcs
  A ball python (D:2)
  12 bats
  2 giant cockroaches (D:3)
  10 goblins
  7 hobgoblins
  4 jackals
  A quokka (D:3)
  2 frilled lizards (D:2)
  7 kobolds
  4 rats
69 creatures vanquished.

Notes
Turn   | Place    | Note
-------+----------+-------------------------------------------
     0 | Abyss:1  | PikkenKukken the Hill Orc Abyssal Knight began the quest
                  | for the Orb.
     0 | Abyss:1  | Reached XP level 1. HP: 19/19 MP: 2/2
    53 | Abyss:1  | Found a shimmering altar of Xom.
    69 | Abyss:1  | Found a corrupted altar of Lugonu.
    96 | Abyss:1  | Noticed a red devil
    96 | Abyss:1  | Noticed a red devil
    97 | D:1      | Escaped the Abyss
   257 | D:1      | Reached skill level 1 in Dodging
   257 | D:1      | Reached XP level 2. HP: 26/27 MP: 3/3
   460 | D:1      | Reached * piety under Lugonu
  1013 | D:2      | Reached XP level 3. HP: 21/33 MP: 5/5
  1488 | D:2      | Reached skill level 4 in Fighting
  1489 | D:2      | Noticed Robin
  1502 | D:2      | Killed Robin
  1507 | D:2      | Reached XP level 4. HP: 40/40 MP: 6/6
  1843 | D:2      | Reached ** piety under Lugonu
  2107 | D:3      | Found a sacrificial altar of Ru.
  2202 | D:3      | You fall through a shaft!
  2220 | D:4      | Noticed Menkaure
  2249 | D:4      | Reached XP level 5. HP: 47/47 MP: 7/7
  3274 | D:4      | Reached skill level 1 in Axes
  4077 | D:4      | HP: 2/47 [Menkaure (18)]
  4079 | D:4      | Slain by Menkaure

Skill      XL: |  1  2  3  4  5 |
---------------+----------------+-----
Dodging        | 1 |  1.9
Polearms       | 3 |  3.0
Invocations    | 3 |  3.9
Fighting       | 4 |  4.5
Armour         | 3 |  3.2
Axes           | 1 |  1.3

Action                   |  1- 3 |  4- 6 || total
-------------------------+-------+-------++-------
Melee: Spear             |   117 |   128 ||   245
       Hand axe          |       |    78 ||    78
Invok: Depart the Abyss  |     1 |       ||     1
       Bend Space        |       |     1 ||     1
  Use: Scroll            |     1 |     5 ||     6
       Potion            |       |     4 ||     4
  Eat: Chunk             |     2 |     7 ||     9
Armor: Leather armour    |    31 |     2 ||    33
       Scale mail        |       |    66 ||    66
Dodge: Dodged            |    48 |    81 ||   129
